 Dungeon Crawl Stone Soup version 0.30-a0-913-g9934a0ce24 (webtiles) character file.

Game seed: 13352306285117020457

77 Pimp the Firebug (level 4, -1/33 HPs)
             Began as a Draconian Fire Elementalist on Mar 19, 2023.
             Slain by Dowan
             ... wielding a +0 dagger
              (6 damage)
             ... on level 4 of the Dungeon.
             The game lasted 00:05:31 (2765 turns).

Pimp the Firebug (Draconian Fire Elementalist)      Turns: 2765, Time: 00:05:32

Health: -1/33      AC:  5    Str: 10    XL:     4   Next: 13%
Magic:  6/7        EV: 12    Int: 18    God:
Gold:   217        SH:  0    Dex: 11    Spells: 7/8 levels left

rFire   . . .      SeeInvis .    a - +0 short sword
rCold   . . .      Faith    .    (no shield)
rNeg    . . .      Spirit   .    (body armour unavailable)
rPois   .          Reflect  .    (helmet restricted)
rElec   .          Rampage  .    (no cloak)
rCorr   .                        (no gloves)
Will    ++...                    (no boots)
Stlth   ++                       n - amulet of magic regeneration
HPRegen 0.25/turn                h - ring of willpower
MPRegen 0.50/turn                i - ring of willpower

@: very slightly contaminated
A: AC +5, unfitting armour, cold-blooded
a: no special abilities


You were on level 4 of the Dungeon.
You visited 1 branch of the dungeon, and saw 4 of its levels.

You collected 217 gold pieces.

Inventory:

Hand Weapons
 a - a +0 short sword (weapon)
Jewellery
 h - a ring of willpower (left hand)
 i - a ring of willpower (right hand)
 n - an amulet of magic regeneration (around neck)
Scrolls
 c - a scroll of teleportation
 f - a scroll of blinking {unknown}
 g - a scroll of immolation {unknown}
 j - 2 scrolls of identify
Potions
 b - a potion of magic
 d - 2 potions of curing
 e - a potion of mutation
 k - a potion of flight {unknown}
 m - a potion of haste {unknown}
 o - a potion of might {unknown}
 p - a potion of heal wounds {unknown}
Miscellaneous
 l - a piece from Xom's chessboard (15/15)


   Skills:
 + Level 2.3 Dodging
 + Level 2.4 Stealth
 + Level 2.5 Spellcasting
 + Level 1.9 Conjurations
 + Level 3.4 Fire Magic


You had 7 spell levels left.
You knew the following spells:

 Your Spells              Type           Power      Damage    Failure   Level
a - Foxfire               Conj/Fire      48%        2x1d6     5%          1

Your spell library contained the following spells:

 Spells                   Type           Power      Damage    Failure   Level
 Scorch                   Fire           28%        2d6       6%          2
 Inner Flame              Hex/Fire       8%         N/A       26%         3
 Kindle Blastsparks       Fire/Tloc/Air  12%        2d11      32%         3
 Dazzling Flash           Conj/Hex       10%        N/A       34%         3
 Flame Wave               Conj/Fire      12%        2d6       50%         4
 Fulminant Prism          Conj/Hex       2%         3d5       75%         4
 Leda's Liquefaction      Hex/Erth       1%         N/A       86%         4
 Yara's Violent Unravell  Hex/Tmut       1%         3d3       99%         5


Dungeon Overview and Level Annotations

Branches:
Dungeon (4/15)
 Temple: D:4-7

Altars:
Okawaru
Xom

Annotations:
D:4 Dowan, Duvessa


Innate Abilities, Weirdness & Mutations

Your plain brown scales are hard. (AC +5)
You cannot fit into any form of body armour.
You are cold-blooded and may be slowed by cold attacks.


Message History

There is a stone staircase leading up here.
Casting: Foxfire (safe; 6% risk of failure)
Confirm with . or Enter, or press ? or * to list all spells.
You conjure some foxfire!
Dowan shouts!
You hear an angry hiss.
Casting: Foxfire (safe; 6% risk of failure)
Confirm with . or Enter, or press ? or * to list all spells.
You conjure some foxfire!
The foxfire hits Dowan.
Dowan is moderately wounded.
The foxfire hits the hobgoblin.
The hobgoblin is severely wounded.
A goblin comes into view. It is wielding a +0 dagger.
Dowan hits you with a +0 dagger.
You hit Dowan.
Your tail-slap misses Dowan.
Dowan is moderately wounded.
The foxfire hits the hobgoblin.
You kill the hobgoblin!
The foxfire hits Dowan.
Dowan is heavily wounded.
An adder comes into view.
Duvessa, Sister of Dowan comes into view.
She is wielding a +0 rapier.
Dowan closely misses you.
Casting: Foxfire (safe; 5% risk of failure)
Confirm with . or Enter, or press ? or * to list all spells.
You miscast Foxfire.
You are very lightly contaminated with residual magic.
Nothing appears to happen.
The adder hisses angrily.
Casting: Foxfire (safe; 5% risk of failure)
Confirm with . or Enter, or press ? or * to list all spells.
You conjure some foxfire!
The orc hits you with a +0 mace.
You hit Duvessa but do no damage.
Your tail-slap misses Duvessa.
The foxfire hits the orc.
The orc is lightly wounded.
The foxfire hits Duvessa but does no damage.
Duvessa hits you with a +0 rapier. The orc hits you with a +0 mace.
The orc hits you with a +0 mace. Duvessa hits you with a +0 rapier!
* * * LOW HITPOINT WARNING * * *
Dowan hits you with a +0 dagger.
You die...

###.?.....
8#......
#.......
.##......
.........
.......g#
.......o#
.......@#
......ee#
.......S.
#######.#.
#(#.# #=#
# #.. #..


You could see Duvessa, Dowan, an adder, an orc and a goblin.

Vanquished Creatures
  2 adders (D:2)
  A worm (D:2)
  3 dart slugs (D:1)
  5 bats
  3 endoplasms
  7 giant cockroaches
  3 goblins
  5 hobgoblins
  3 jackals (D:3)
  4 quokkas
  A frilled lizard (D:1)
  2 kobolds
  4 rats
  A butterfly (D:3)
44 creatures vanquished.

Vanquished Creatures (others)
  102 foxfires
102 creatures vanquished.

Grand Total: 146 creatures vanquished

Notes
Turn   | Place    | Note
-------+----------+-------------------------------------------
     0 | D:1      | Pimp the Draconian Fire Elementalist began the quest for
                  | the Orb.
     0 | D:1      | Reached XP level 1. HP: 14/14 MP: 3/3
   327 | D:1      | Reached XP level 2. HP: 11/20 MP: 0/5
   770 | D:1      | Found a faded altar of an unknown god.
   873 | D:1      | Reached XP level 3. HP: 26/26 MP: 1/6
  1953 | D:3      | Got Sif Muna's Collected Works on the Oath
  2288 | D:3      | Reached XP level 4. HP: 33/33 MP: 7/7
  2294 | D:3      | Found a shimmering altar of Xom.
  2568 | D:3      | Found an iron altar of Okawaru.
  2758 | D:4      | Noticed Dowan
  2761 | D:4      | Noticed Duvessa
  2765 | D:4      | Slain by Dowan

Illustrated notes

Levels and vault maps discovered:
D:1:      tekkud_arrival_beachfront_property, layout_basic,
          hellmonk_ecumenical_altar_defaced_shrine
D:2:      layout_loops_ring
D:3:      layout_basic, xom_butterflies, amcnicky_altar_gilded, serial_aquarium,
          aquarium_bridge_square [aquarium_subvault_window,
          aquarium_subvault_bridge, aquarium_subvault_bridge,
          aquarium_subvault_window], aquarium_window_fake, aquarium_window_1,
          aquarium_view_2a, aquarium_balcony_1b, minmay_misc_feat_ornament,
          grunt_ministairs_7
D:4:      layout_basic, lemuel_mausoleum_altar_yredelemnul, serial_shops,
          nicolae_shop_hallway_stairs, nicolae_zen_rock_garden, uniq_pikel,
          uniq_duvessa

Skill      XL: |  1  2 |
---------------+-------+-----
Stealth        | 2 |  2.4
Dodging        | 2 |  2.3
Spellcasting   | |  2.5
Conjurations   | |  1.9
Fire Magic     | |  3.4

Action                     |  1- 3 |  4- 6 || total
---------------------------+-------+-------++-------
  Melee: Unarmed           |    13 |       ||    13
         Tailslap          |     3 |       ||     3
         Punch             |     1 |       ||     1
         Short sword       |    40 |    14 ||    54
   Cast: Foxfire           |    54 |    11 ||    65
    Use: Scroll            |     6 |       ||     6
         Potion            |     1 |       ||     1
   Stab: Sleeping          |     3 |       ||     3
 Armour: Skin              |    26 |     8 ||    34
  Dodge: Dodged            |    55 |    18 ||    73

Table legend: (Time is in decaauts)
 A = Elapsed time spent in this place.
 B = Non-inter-level travel time spent in this place.
 C = Inter-level travel time spent in this place.
 D = Time resting spent in this place.
 E = Time spent auto-exploring this place.
 F = Levels seen in this place.
 G = Mean time per level.
                   A        B        C        D        E       F      G
               +--------+--------+--------+--------+--------+-----+--------+
         Total |   2769 |   2703 |     66 |    192 |   2033 |   4 |  692.2 |
       Dungeon |   2769 |   2703 |     66 |    192 |   2033 |   4 |  692.2 |
               +--------+--------+--------+--------+--------+-----+--------+

Top non-repeatable levels by time:
     D:1: 1104 daAuts
     D:3: 863 daAuts
     D:2: 795 daAuts
     D:4: 6 daAuts
